 Dungeon Crawl Stone Soup version 0.32-a0-540-g866d13106e (webtiles) character file.

Game seed: 17977427953635801279

650 javelincjr the Grasshopper (level 7, 0/55 HPs)
             Began as a Demonspawn Warper on Feb 29, 2024.
             Was a Follower of Beogh.
             Shot with an arrow by a centaur (7 damage)
             ... on level 5 of the Dungeon.
             The game lasted 00:35:10 (4715 turns).

javelincjr the Grasshopper (Demonspawn Warper)      Turns: 4715, Time: 00:35:11

Health: 0/55       AC: 12    Str: 13    XL:     7   Next: 28%
Magic:  4/11       EV: 12    Int: 13    God:    Beogh [*.....]
Gold:   270        SH:  4    Dex: 13    Spells: 7/12 levels left

rFire   . . .        a - +0 spear
rCold   . . .        (no shield)
rNeg    . . .        b - +0 leather armour
rPois   .            v - +0 helmet
rElec   .            e - +1 cloak
rCorr   .            (no gloves)
SInv    +            (no boots)
Will    +....        (no amulet)
Stlth   +            c - ring of see invisible
HPRegen 0.29/turn    (no ring)
MPRegen 0.12/turn

%: no passive effects
@: on blink cooldown, enlightened, flying
A: claws 1, rugged brown scales 2, icemail 1, condensation shield, demonic magic
1
a: Renounce Religion


You were on level 5 of the Dungeon.
You worshipped Beogh.
Beogh was aware of your devotion.
You visited 1 branch of the dungeon, and saw 5 of its levels.

You collected 270 gold pieces.

Inventory:

Hand Weapons
 a - a +0 spear (weapon)
Missiles
 d - 6 darts of dispersal
 k - 51 stones
 n - 2 poisoned darts (quivered)
 z - 4 boomerangs
Armour
 b - a +0 leather armour (worn)
 e - a +1 cloak (worn)
 f - a +0 ring mail
 j - a +0 scale mail
 s - a +0 chain mail
 v - a +0 helmet (worn)
 A - a +1 scale mail of poison resistance
Jewellery
 c - a ring of see invisible (left claw)
 x - a ring of poison resistance
Wands
 u - a wand of flame (32)
Scrolls
 g - a scroll of amnesia {unknown}
 i - 2 scrolls of fear {unknown}
 l - 2 scrolls of revelation {unknown}
 o - 2 scrolls of teleportation {unknown}
 w - a scroll of noise {unknown}
 y - a scroll of brand weapon {unknown}
Potions
 m - a potion of cancellation {unknown}
 p - a potion of degeneration {unknown}
 q - a potion of berserk rage {unknown}
 r - a potion of brilliance {unknown}
 t - a potion of lignification {unknown}


   Skills:
 + Level 3.7 Fighting
 + Level 3.3 Polearms
 - Level 0.8 Throwing
 + Level 2.9 Armour
 + Level 3.2 Dodging
 + Level 0.2 Stealth
 + Level 3.3 Spellcasting
 + Level 0.2 Conjurations
 + Level 3.7 Translocations
 - Level 2.0 Invocations


You had 7 spell levels left.
You knew the following spells:

 Your Spells              Type           Power      Damage    Failure   Level
a - Blink                 Tloc           24%        N/A       9%          2
b - Lesser Beckoning      Tloc           24%        N/A       9%          2
c - Magic Dart            Conj           8%         1d3       26%         1

Your spell library contained the following spells:

 Spells                   Type           Power      Damage    Failure   Level
 Momentum Strike          Conj/Tloc      14%        3d8       19%         2
 Teleport Other           Tloc           12%        N/A       19%         3
 Call Imp                 Summ           4%         N/A       41%         2
 Cigotuvi's Dreadful Rot  Necr/Alch/Air  4%         N/A       41%         2
 Manifold Assault         Tloc           12%        N/A       52%         4
 Hailstorm                Conj/Ice       2%         3d5       63%         3
 Ozocubu's Armour         Ice            2%         N/A       65%         3
 Summon Ice Beast         Ice/Summ       2%         N/A       65%         3
 Vhi's Electric Charge    Tloc/Air       14%        N/A       78%         4
 Ignite Poison            Fire/Alch      2%         N/A       96%         4
 Freezing Cloud           Conj/Ice/Air   1%         6-21      100%        5
 Metabolic Englaciation   Hex/Ice        1%         N/A       100%        5
 Sculpt Simulacrum        Ice/Alch       1%         N/A       100%        6


Dungeon Overview and Level Annotations

Branches:
Dungeon (5/15)             Temple (0/1) D:4

Altars:

Shops:
D:3 *[


Innate Abilities, Weirdness & Mutations

You have sharp fingernails.
You are mostly covered in rugged brown scales. (AC +2, +5% HP)
A meltable icy envelope protects you from harm. (AC +4)
A meltable shield of frost defends you. (SH +4)
Spells you cast may paralyse adjacent enemies.


Message History

The hound closely misses you.
The centaur unwields a +0 orcbow.
The centaur barely misses you. x2
Casting: Lesser Beckoning (safe; 9% risk of failure)
Confirm with . or Enter, or press ? or * to list all spells.
Aiming: Magic Dart (safe; 26% risk of failure)
Press: ? - help, Shift-Dir - straight line, f - hound, p - centaur
Aim: a hound (heavily wounded, 100% to hit)
The magic dart hits the hound.
The hound is heavily wounded.
Malevolent energies surge around you.
The centaur suddenly stops moving!
The hound bites you but does no damage. The hound closely misses you.
You closely miss the hound.
The hound is heavily wounded.
The hound closely misses you.
Casting: Magic Dart (safe; 26% risk of failure)
Confirm with . or Enter, or press ? or * to list all spells.
You blink.
Malevolent energies surge around you.
The centaur is no longer paralysed.
Something hits the orc wizard.
The centaur wields a +0 orcbow.
The centaur shoots an arrow.
The arrow hits you.
The centaur shoots an arrow.
The arrow hits you.
The centaur shoots an arrow.
The arrow hits you.
* * * LOW HITPOINT WARNING * * *
Your magical contamination has completely faded away.
You feel ready to blink again.
The centaur enters a dispersal trap!
The hound blinks!
You blink.
The centaur blinks!
The hound attacks as it pursues you! The hound misses you.
The hound bites you but does no damage.
Casting: Blink (safe; 9% risk of failure)
Confirm with . or Enter, or press ? or * to list all spells.
You blink.
Malevolent energies surge around you.
The centaur shoots an arrow.
The arrow hits you.
* * * LOW HITPOINT WARNING * * *
The orc wizard points at you and mumbles some strange words.
The magic dart hits you.
* * * LOW HITPOINT WARNING * * *
It was a potion of enlightenment.
You feel very buoyant.
You fly up into the air.
The centaur shoots an arrow.
The arrow hits you!
You die...

.............................#.#
.###.........................#.#
...............##............#.#
...............#######'###.....#
......)...............÷..#######
......#+#....^....c....#....#
......#.#...........#######.#
#.....#)#....o..#.............#
...........§§...@.....>.....###
......o..o........#.....###..
......#.§.........#.....# #.#
......#####.......#.#...# #.#
......#.....§.....#.#...# #.#
......#.###.###.###.#...# #.#
c...................#...#
o.................#.#...#
......).......#.#.### .#


You could see a centaur, an orc wizard and a neutral orc (distracted).

Vanquished Creatures
  2 ogres (D:4)
  3 scorpions
  A bombardier beetle (D:5)
  An orc priest (D:3)
  2 hounds
  Ijyb (D:5)
  Robin (D:3)
  4 adders
  3 dart slugs
  4 orcs
  5 bats
  10 endoplasms
  6 giant cockroaches
  16 goblins
  10 hobgoblins
  4 jackals (D:3)
  2 quokkas (D:1)
  3 ball pythons
  A frilled lizard (D:2)
  7 kobolds
  2 rats
88 creatures vanquished.

Vanquished Creatures (others)
  2 orcs (D:3)
2 creatures vanquished.

Grand Total: 90 creatures vanquished

Notes
Turn   | Place    | Note
-------+----------+-------------------------------------------
     0 | D:1      | javelincjr the Demonspawn Warper began the quest for the
                  | Orb.
     0 | D:1      | Reached XP level 1. HP: 16/16 MP: 3/3
    39 | D:1      | Reached skill level 1 in Armour
   260 | D:1      | Gained mutation: A meltable shield of frost defends you.
                  | (SH +4) [demonic ancestry]
   260 | D:1      | Reached XP level 2. HP: 22/22 MP: 5/5
   263 | D:1      | Learned a level 2 spell: Blink
   266 | D:1      | Learned a level 2 spell: Lesser Beckoning
  1073 | D:2      | Gained mutation: You are partially covered in rugged brown
                  | scales. (AC +1, +3% HP) [demonic ancestry]
  1073 | D:2      | Reached XP level 3. HP: 19/27 MP: 6/6
  1871 | D:3      | Gained mutation: Spells you cast may paralyse adjacent
                  | enemies. [demonic ancestry]
  1871 | D:3      | Reached XP level 4. HP: 24/35 MP: 7/7
  2002 | D:3      | Noticed Robin
  2082 | D:3      | Killed Robin
  2353 | D:3      | Found Utah's Armour Shoppe.
  2398 | D:3      | Found Roaprisch's General Store.
  2715 | D:3      | Became a worshipper of Beogh the Shepherd
  2734 | D:3      | Gained mutation: You are mostly covered in rugged brown
                  | scales. (AC +2, +5% HP) [demonic ancestry]
  2734 | D:3      | Reached XP level 5. HP: 33/42 MP: 5/9
  2913 | D:4      | Noticed an ogre
  2920 | D:4      | Killed an ogre
  3014 | D:4      | Noticed an ogre
  3153 | D:4      | Found a staircase to the Ecumenical Temple.
  3425 | D:4      | Gained mutation: You have sharp fingernails. [demonic
                  | ancestry]
  3425 | D:4      | Reached XP level 6. HP: 22/49 MP: 8/10
  3596 | D:4      | Reached skill level 1 in Invocations
  4104 | D:5      | Entered Level 5 of the Dungeon
  4158 | D:5      | Gained mutation: A meltable icy envelope protects you from
                  | harm. (AC +4) [demonic ancestry]
  4158 | D:5      | Reached XP level 7. HP: 15/54 MP: 6/11
  4408 | D:5      | Learned a level 1 spell: Magic Dart
  4557 | D:5      | Noticed Ijyb
  4608 | D:5      | Killed Ijyb
  4608 | D:5      | Reached * piety under Beogh
  4715 | D:5      | Shot with an arrow by a centaur

Illustrated notes

Levels and vault maps discovered:
D:1:      psy_arrival_terrarium, layout_basic
D:2:      layout_loops_corners, minmay_misc_feat_diagonals, skrybe_limestone_x
D:3:      layout_basic, serial_shops, shop, nicolae_shop_peninsula, uniq_robin
D:4:      layout_cave_pools, minmay_temple_entry_offerings, serial_park,
          serial_park_tiny_pond, serial_park_tiny_1, serial_park_avenue1,
          serial_park_avenue1, minmay_vboxes
D:5:      layout_basic, makhleb_heckhound_becter, uniq_ijyb

Skill      XL: |  1  2  3  4  5  6  7 |
---------------+----------------------+-----
Armour         | 1 2 |  2.9
Polearms       | 2 3 |  3.3
Dodging        | 2 3 |  3.2
Translocations | 3 |  3.7
Fighting       | 3 |  3.7
Spellcasting   | 3 |  3.3
Invocations    | 1 2 |  2.0
Throwing       | |  0.8
Stealth        | |  0.2
Conjurations   | |  0.2

Action                     |  1- 3 |  4- 6 |  7- 9 || total
---------------------------+-------+-------+-------++-------
  Melee: Spear             |   132 |   281 |    76 ||   489
  Throw: Dart              |       |     6 |       ||     6
   Cast: Lesser Beckoning  |       |    26 |     4 ||    30
         Blink             |       |    11 |     3 ||    14
         Magic Dart        |       |       |    14 ||    14
 Invoke: Convert to Beogh  |       |     1 |       ||     1
  Evoke: Wand              |       |     5 |       ||     5
    Use: Scroll            |     1 |     1 |       ||     2
         Potion            |       |     3 |     1 ||     4
   Stab: Sleeping          |     1 |       |       ||     1
         Paralysed         |       |    40 |    20 ||    60
 Armour: Leather armour    |    46 |   140 |    39 ||   225
  Dodge: Dodged            |    48 |   136 |    46 ||   230
  Block: Other             |    18 |    40 |     8 ||    66

Table legend: (Time is in decaauts)
 A = Elapsed time spent in this place.
 B = Non-inter-level travel time spent in this place.
 C = Inter-level travel time spent in this place.
 D = Time resting spent in this place.
 E = Time spent auto-exploring this place.
 F = Levels seen in this place.
 G = Mean time per level.
                   A        B        C        D        E       F      G
               +--------+--------+--------+--------+--------+-----+--------+
         Total |   4702 |   4550 |    152 |    298 |   3103 |   5 |  940.4 |
       Dungeon |   4702 |   4550 |    152 |    298 |   3103 |   5 |  940.4 |
               +--------+--------+--------+--------+--------+-----+--------+

Top non-repeatable levels by time:
     D:3: 1262 daAuts
     D:4: 1087 daAuts
     D:2: 975 daAuts
     D:1: 771 daAuts
     D:5: 605 daAuts
